 Dungeon Crawl Stone Soup version 0.29.1-12-g30fa7ad0bf (webtiles) character file.

Game seed: 6638724751977800201

3320 Unglued128 the Chopper (level 9, 0/68 (74) HPs)
             Began as a Black Draconian Ice Elementalist on Dec 26, 2022.
             Was a Follower of Vehumet.
             Slain by a meliai
             ... wielding a +0 long sword
              (4 damage)
             ... on level 8 of the Dungeon.
             The game lasted 00:45:22 (9661 turns).

Unglued128 the Chopper (DrIE)                       Turns: 9661, Time: 00:45:23

HP:   0/68 (74)     AC:  7    Str: 10    XL:     9   Next: 71%
MP:   16/16         EV: 14    Int: 19    God:    Vehumet [*.....]
Gold: 373           SH:  5    Dex: 13    Spells: 17/18 levels left

rFire   . . .      SeeInvis .   e - +3 hand axe (elec)
rCold   . . .      Faith    .   (no shield)
rNeg    . . .      Spirit   .   (body armour unavailable)
rPois   .          Reflect  +   (helmet restricted)
rElec   +          Harm     .   (no cloak)
rCorr   .          Rampage  .   (no gloves)
Will    .....                   (no boots)
Stlth   ++........              s - amulet of reflection
HPRegen 0.21/turn               i - ring of flight
MPRegen 0.15/turn               (no ring)

@: flying, drained
A: breathe lightning, AC +7, unfitting armour, electricity resistance,
cold-blooded
a: Breathe Lightning, Renounce Religion


You were on level 8 of the Dungeon.
You worshipped Vehumet.
Vehumet was aware of your devotion.
You visited 2 branches of the dungeon, and saw 9 of its levels.

You collected 373 gold pieces.

Inventory:

Hand Weapons
 e - a +3 hand axe of electrocution (weapon)
Missiles
 g - a poisoned dart (quivered)
Jewellery
 i - a ring of flight (left hand)
 l - an amulet of magic regeneration
 n - an amulet of guardian spirit
 s - an amulet of reflection (around neck)
Wands
 h - a wand of mindburst (24)
Scrolls
 f - 3 scrolls of identify
 k - a scroll of butterflies
 o - 4 scrolls of blinking
 r - a scroll of immolation
Potions
 a - 2 potions of magic
 b - a potion of berserk rage
 c - 2 potions of resistance
 d - 3 potions of curing
 j - 2 potions of invisibility {unknown}
 p - a potion of ambrosia


   Skills:
 + Level 5.1 Fighting
 + Level 7.4 Axes
 + Level 2.2 Throwing
 + Level 5.4 Dodging
 + Level 4.0 Stealth
 - Level 2.0 Shields
 + Level 5.1 Spellcasting
 + Level 6.3 Ice Magic


You had 17 spell levels left.
You knew the following spells:

 Your Spells              Type           Power      Damage    Failure   Level
a - Freeze                Ice            100%       1d11      1%          1

Your spell library contained the following spells:

 Spells                   Type           Power      Damage    Failure   Level
 Magic Dart               Conj           16%        1d3       12%         1
 Frozen Ramparts          Ice            56%        1d9       2%          3
 Ozocubu's Armour         Ice            28%        N/A       2%          3
 Apportation              Tloc           8%         N/A       12%         1
 Hailstorm                Conj/Ice       16%        3d6       32%         4
 Conjure Flame            Conj/Fire      4%         6-21      36%         3
 Ignite Poison            Fire/Tmut/Pois 4%         N/A       36%         3
 Inner Flame              Hex/Fire       4%         N/A       36%         3
 Cause Fear               Hex            2%         N/A       77%         4
 Sticky Flame             Conj/Fire      4%         2d3       77%         4
 Alistair's Intoxication  Tmut/Pois      2%         N/A       98%         5
 Discord                  Hex            2%         N/A       100%        8


Dungeon Overview and Level Annotations

Branches:
Dungeon (8/15)             Temple (1/1) D:4
   Lair: D:8-11

Altars:
Ashenzari
Cheibriados
Dithmenos
Elyvilon
Gozag
Hepliaklqana
Makhleb
Nemelex Xobeh
Okawaru
Qazlal
Sif Muna
Trog
Uskayaw
Vehumet
Wu Jian
Xom
Yredelemnul
Zin
The Shining One

Annotations:
D:5 2 transporters, Jingleheimer's ghost, novice MfGl
D:7 Pikel
D:8 Erica


Innate Abilities, Weirdness & Mutations

You can breathe wild blasts of lightning.
Your glossy black scales are hard. (AC +7)
You cannot fit into any form of body armour.
You are resistant to electric shocks. (rElec)
You are cold-blooded and may be slowed by cold attacks.


Message History

Vehumet accepts your kill.
You feel better. The gnoll closely misses you.
You hit the gnoll.
The gnoll is moderately wounded.
The gnoll barely misses you. You block the gnoll's attack.
You slash the gnoll!
The gnoll is severely wounded.
The gnoll barely misses you. The gnoll hits you with a +0 hand axe.
You hit the gnoll but do no damage.
Your tail-slap misses the gnoll.
The gnoll is severely wounded.
The gnoll hits you from afar with a +0 halberd!
* * * LOW HITPOINT WARNING * * *
The gnoll hits you with a +0 hand axe.
* * * LOW HITPOINT WARNING * * *
You slash the gnoll!
You kill the gnoll!
Vehumet accepts your kill. The gnoll barely misses you. The gnoll misses you.
The gnoll completely misses you.
Things that are here:
a +0 hand axe; a +2 whip of holy wrath; a gnoll corpse You hit the gnoll.
Lightning courses through the gnoll!
You kill the gnoll!
Vehumet accepts your kill. You block the gnoll's attack.
Your Stealth skill increases to level 4!
A meliai comes into view. It is wielding a +0 long sword.
You block the gnoll's attack.
The meliai moves out of view.
Things that are here:
a +0 halberd; a gnoll corpse You slash the gnoll!
The gnoll is severely wounded.
You hear an angry buzzing noise.
You block the meliai's attack.
The meliai stings you but does no damage.
The gnoll hits you with a +0 halberd!
* * * LOW HITPOINT WARNING * * *
The meliai attacks as you move away! The meliai hits you but does no damage.
The meliai stings you.
You die...

#............#......(....#......
#............#..................
#............#.[................
#..................######.......
########.########...............
####### #.#......................
......# #.#.#####................
......# #.#.#####................
......# #.#....)@g#.######.......
......# #.#######y#.######.......
......###..g.gg...#......#.......
..((..)).........................
......##################.#.######
......# ########## #.#.......
......# #........# #.########
......# #........# #.........
####### #........############


You could see a meliai and a gnoll.

Vanquished Creatures
  A wyvern (D:8)
  A water moccasin (D:6)
  A sky beast (D:4)
  4 black bears
  4 ice beasts
  A hornet zombie (D:6)
  2 centaurs
  A kobold brigand (D:5)
  3 bullfrogs
  A necrophage (D:5)
  A gnoll sergeant (D:8)
  2 scorpions
  9 wights
  3 killer bees
  3 howler monkeys
  A centaur zombie (D:6)
  6 hounds
  A bullfrog zombie (D:6)
  A jelly (D:7)
  3 orc priests
  An iguana (D:7)
  An orc wizard (D:5)
  A killer bee zombie (D:6)
  2 howler monkey zombies (D:6)
  12 gnolls
  10 adders
  An ufetubus (D:4)
  5 worms
  3 dart slugs
  13 orcs
  7 endoplasms
  2 giant cockroaches
  5 goblins
  6 hobgoblins
  5 jackals
  19 kobolds
  5 quokkas
  7 ball pythons
  4 bats
  3 frilled lizards
  8 rats
169 creatures vanquished.

Vanquished Creatures (others)
  4 plants
4 creatures vanquished.

Grand Total: 173 creatures vanquished

Notes
Turn   | Place    | Note
-------+----------+-------------------------------------------
     0 | D:1      | Unglued128 the Draconian Ice Elementalist began the quest
                  | for the Orb.
     0 | D:1      | Reached XP level 1. HP: 14/14 MP: 3/3
   548 | D:1      | Reached XP level 2. HP: 13/20 MP: 1/5
  1218 | D:1      | Reached XP level 3. HP: 26/26 MP: 3/6
  1670 | D:2      | Found a faded altar of an unknown god.
  2515 | D:2      | Reached XP level 4. HP: 33/33 MP: 8/8
  3160 | D:3      | Reached skill level 1 in Axes
  3742 | D:3      | Identified a scroll of acquirement
  3742 | D:3      | Acquired a ring of flight
  3943 | D:4      | Reached XP level 5. HP: 38/39 MP: 9/9
  3996 | D:4      | Found a burning altar of Makhleb.
  4062 | D:4      | Noticed a sky beast
  4088 | D:4      | Killed a sky beast
  4089 | D:4      | Reached skill level 1 in Fighting
  4089 | D:4      | Reached skill level 2 in Axes
  4089 | D:4      | Reached skill level 5 in Ice Magic
  4240 | D:4      | Noticed a black bear
  4248 | D:4      | Found a staircase to the Ecumenical Temple.
  4257 | Temple   | Entered the Ecumenical Temple
  4333 | D:4      | Found a radiant altar of Vehumet.
  4339 | D:4      | Became a worshipper of Vehumet
  4414 | D:4      | Reached XP level 6. HP: 46/47 MP: 11/11
  4733 | D:4      | Reached skill level 3 in Axes
  4821 | D:4      | Found an opulent altar of Gozag.
  5170 | D:5      | Entered Level 5 of the Dungeon
  5453 | D:5      | Found a transporter.
  5453 | D:5      | Noticed Jingleheimer's ghost (novice MfGl)
  5495 | D:5      | Your scales start taking on a glossy black colour.
  5495 | D:5      | Reached XP level 7. HP: 50/55 MP: 9/12
  5495 | D:5      | Gained mutation: You are resistant to electric shocks.
                  | (rElec) [Black Draconian growth]
  5838 | D:5      | Reached skill level 4 in Axes
  6008 | D:5      | Found a sparkling altar of Nemelex Xobeh.
  6078 | D:5      | Found a transporter.
  6472 | D:6      | You are sucked into a shaft and drop 1 floor!
  6515 | D:7      | Reached XP level 8. HP: 55/63 MP: 3/14
  6796 | D:5      | Reached skill level 1 in Throwing
  7106 | D:6      | Reached skill level 5 in Axes
  7812 | D:6      | Reached * piety under Vehumet
  7812 | D:6      | Offered knowledge of Magic Dart by Vehumet.
  8006 | D:6      | Found a basalt altar of Yredelemnul.
  8017 | D:6      | Reached skill level 6 in Axes
  8101 | D:6      | Reached XP level 9. HP: 63/71 MP: 16/16
  8436 | D:7      | Found a snail-covered altar of Cheibriados.
  8564 | D:7      | Reached skill level 1 in Shields
  8590 | D:7      | Reached skill level 7 in Axes
  8982 | D:7      | Noticed Pikel
  9072 | D:8      | Noticed Erica
  9256 | D:8      | Reached skill level 5 in Dodging
  9262 | D:8      | Reached skill level 5 in Fighting
  9262 | D:8      | Reached skill level 5 in Spellcasting
  9659 | D:8      | Noticed a meliai
  9661 | D:8      | Slain by a meliai

Illustrated notes

Levels and vault maps discovered:
D:1:      minmay_arrival_diagonal_passages, layout_loops_ring,
          minmay_pentomino_v4
D:2:      layout_loops_corners, dreamdust_ecumenical_altar_grove
D:3:      layout_basic, minmay_close_crescents
D:4:      layout_basic, lemuel_crystal_altar, kennysheep_little_box,
          lightli_temple_of_fire, minmay_temple_entry_enclosed_plants,
          serial_bayou, serial_bayou_lake_a, serial_bayou_pond_c,
          serial_bayou_pond_e, serial_bayou_ford_a
D:5:      layout_loops_ring, nemelex_spade_bored_becter,
          gammafunk_ghost_stat_death
D:6:      layout_cave_pools, nicolae_yredelemnul_corpse_copse,
          minmay_quadrilaterals
D:7:      layout_rooms, kennysheep_mini, chei_slow_surprise, minmay_crossroads,
          uniq_pikel
D:8:      layout_basic, enter_bailey_5, minmay_chambers_of_fives, uniq_erica
Temple:   cyrus_circular_temple

Skill      XL: |  1  2  3  4  5  6  7  8  9 |
---------------+----------------------------+-----
Stealth        | 2 3 4 |  4.0
Spellcasting   | 3 4 5 |  5.1
Axes           | 1 2 3 4 6 7 |  7.4
Dodging        | 2 3 4 5 |  5.4
Fighting       | 1 2 3 4 5 |  5.1
Ice Magic      | 5 6 |  6.3
Throwing       | 1 2 |  2.2
Shields        | 2 |  2.0

Action                   |  1- 3 |  4- 6 |  7- 9 || total
-------------------------+-------+-------+-------++-------
Melee: Unarmed           |    12 |       |       ||    12
       Tailslap          |     7 |    14 |    39 ||    60
       Hand axe          |    42 |   133 |   302 ||   477
       Punch             |       |       |     4 ||     4
Throw: Dart              |       |       |    31 ||    31
 Cast: Freeze            |    45 |    29 |    21 ||    95
 Abil: Breathe Lightning |       |       |     1 ||     1
  Use: Scroll            |     1 |    11 |     9 ||    21
       Potion            |       |     1 |     4 ||     5
 Stab: Sleeping          |       |     5 |     2 ||     7
Armor: Skin              |    18 |    48 |    88 ||   154
Dodge: Dodged            |    45 |   111 |   216 ||   372
Block: Other             |       |       |    50 ||    50
